AoeStats
← Khirs

Pilgrims

509406696Analyzed
4v4 RM · 5d ago on Sep 26, 2026· 69m 37s· 8 players
Game mode
Random Map
Map size
Large (8 player)
Population
200
Speed
Normal
Resources
Standard
Victory
Conquest
Starting age
Dark Age
Ending age
Imperial Age
RankedLock teamsTeams togetherTeam positionsShared explorationLock speedFull tech treeHidden civsTurbo modeCheats
Victory
Defeat
🇵🇱 Spanish · Poland
780
+14
🇺🇸 Japanese · United States
775
+14
🇹🇷 Huns · Türkiye
756
+15
🇨🇿 Berbers · Czechia
661
+18
🇫🇷 Bulgarians · France
750
-16
🇪🇸 Chinese · Spain
735
-16
🇺🇸 Danes · United States
714
-15
🇨🇳 Huns · China
695
-14
Dancen lepercon
12:46 Feudal Age
15:30 Fishing Lines
21:02 Castle Age
19:19 Double-Bit Axe
19:17 Horse Collar
19:47 Gold Mining
22:31 Wheelbarrow
27:34 Heavy Plow
29:34 Gambesons
30:53 Ballistics
30:30 Murder Holes
36:27 Imperial Age
34:20 Squires
35:00 Stone Mining
35:39 Bow Saw
36:58 Elite Varangian Guard
39:04 Conscription
39:42 Hand Cart
40:17 Forging
40:09 Scale Mail Armor
42:52 Iron Casting
42:33 Chain Mail Armor
42:39 Pikeman
45:50 Husbandry
46:02 Bloodlines
46:10 Halberdier
AI
17:36 Feudal Age
23:55 Castle Age
21:44 Double-Bit Axe
21:53 Gold Mining
24:17 Loom
kriber
22:01 Feudal Age
25:01 Fishing Lines
25:31 Scale Mail Armor
25:43 Forging
25:42 Scale Barding Armor
26:26 Horse Collar
29:10 Bloodlines
30:15 Loom
32:39 Castle Age
31:31 Double-Bit Axe
31:47 Gold Mining
31:48 Stone Mining
35:03 Caravan
37:35 Stirrups
38:15 Murder Holes
39:25 Iron Casting
39:56 Heavy Plow
40:10 Bow Saw
40:37 Gold Shaft Mining
40:32 Husbandry
41:36 Chain Barding Armor
46:45 Imperial Age
48:32 Blast Furnace
48:09 Plate Barding Armor
48:17 Elite Konnik
49:18 Conscription
52:16 Fletching
53:08 Wheelbarrow
53:13 Stone Shaft Mining
55:18 Medium Warships
54:59 Gillnets
Khirs
5:13 Loom
15:29 Feudal Age
16:09 Gold Mining
16:08 Double-Bit Axe
16:08 Horse Collar
19:56 Stone Mining
22:27 Castle Age
21:22 Fletching
22:01 Man-at-Arms
23:19 Padded Archer Armor
23:37 Heavy Plow
23:50 Bow Saw
24:20 Stone Shaft Mining
24:26 Gold Shaft Mining
23:42 Fishing Lines
26:40 Thumb Ring
29:55 Ballistics
29:39 Elite Skirmisher
31:44 Bodkin Arrow
32:17 Murder Holes
37:40 Imperial Age
36:55 Leather Archer Armor
36:49 Great Wall
37:02 Masonry
37:56 Forging
37:47 Scale Mail Armor
38:49 Bracer
39:20 Ring Archer Armor
39:23 Conscription
39:56 Rocketry
40:59 Chemistry
40:51 Pikeman
42:12 Iron Casting
42:45 Scale Barding Armor
42:15 Elite Chu Ko Nu
45:11 Architecture
66:16 Arrowslits
Laxbrody4
11:21 Feudal Age
11:49 Double-Bit Axe
14:41 Loom
14:39 Horse Collar
15:18 Fishing Lines
18:46 Man-at-Arms
21:41 Castle Age
20:24 Scale Mail Armor
20:34 Forging
21:02 Gold Mining
21:48 Long Swordsman
22:54 Bow Saw
24:23 Medium Warships
25:27 Chain Mail Armor
25:48 Iron Casting
27:21 Heavy Plow
28:01 Gold Shaft Mining
29:14 Wheelbarrow
29:06 Gambesons
29:21 Squires
31:58 Elite Skirmisher
34:44 Padded Archer Armor
34:35 Fletching
35:07 Gillnets
40:01 Imperial Age
40:48 Two-Handed Swordsman
42:36 Plate Mail Armor
43:07 Blast Furnace
45:34 Elite Samurai
47:17 Leather Archer Armor
46:57 Bodkin Arrow
60:27 Chemistry
60:03 Heavy Warships
60:54 Shipwright
60:43 Elite Cannon Galleon
62:42 Clinker Construction
62:42 Careening
MightyOwl
5:23 Loom
5:32 Loom
10:16 Feudal Age
11:11 Double-Bit Axe
13:16 Town Watch
15:47 Stone Mining
18:30 Wheelbarrow
29:52 Castle Age
29:29 Gold Mining
33:23 Scale Barding Armor
33:19 Padded Archer Armor
33:10 Fletching
35:15 Husbandry
43:06 Gold Shaft Mining
42:35 Horse Collar
43:58 Elite Skirmisher
46:44 Leather Archer Armor
46:49 Bow Saw
50:22 Imperial Age
52:25 Bodkin Arrow
53:00 Ring Archer Armor
52:51 Chain Barding Armor
52:33 Scale Mail Armor
52:43 Forging
52:46 Cavalier
60:34 Chemistry
59:55 Ballistics
62:18 Elite Camel Archer
63:44 Kasbah
64:06 Conscription
65:09 Siege Engineers
65:02 Murder Holes
65:20 Fortified Wall
64:55 Treadmill Crane
66:08 Elite Genitour
Malikestergok
9:33 Loom
12:16 Feudal Age
13:33 Wheelbarrow
12:47 Double-Bit Axe
12:45 Horse Collar
17:56 Fishing Lines
21:30 Castle Age
22:40 Hand Cart
22:27 Heavy Plow
22:55 Bow Saw
26:42 Stone Mining
26:42 Gold Mining
27:48 Gillnets
35:27 Imperial Age
34:36 Scale Barding Armor
34:42 Forging
37:03 Chain Barding Armor
37:19 Iron Casting
37:06 Conscription
36:07 Elite Tarkan
36:47 Marauders
39:29 Plate Barding Armor
40:11 Blast Furnace
40:16 Atheism
39:29 Sappers
44:31 Gold Shaft Mining
Angelique
3:31 Loom
11:18 Feudal Age
12:01 Horse Collar
17:31 Castle Age
20:25 Heavy Plow
25:04 Fervor
28:38 Imperial Age
29:14 Wheelbarrow
28:57 Cavalier
29:49 Bloodlines
29:39 Husbandry
30:01 Forging
29:56 Scale Barding Armor
31:03 Hand Cart
32:02 Paladin
36:41 Iron Casting
36:26 Chain Barding Armor
39:00 Gold Mining
43:00 Light Cavalry
49:39 Blast Furnace
49:16 Plate Barding Armor
54:14 Conscription
Connection lost

Rejoining the realm…

Still unreachable

The connection could not be restored.

Session expired

The server has moved on; the page needs a fresh start.